 Dungeon Crawl Stone Soup version 0.22-a0-274-gf8199ec82f (webtiles) character file.

75 Ikesh the Charmwright (level 3, 0/26 HPs)
             Began as a Demigod Skald on Mar 14, 2018.
             Slain by an orc
             ... wielding a +0 dagger
              (3 damage)
             ... on level 2 of the Dungeon.
             The game lasted 00:09:13 (2147 turns).

Ikesh the Charmwright (Demigod Skald)               Turns: 2147, Time: 00:09:14

Health: 0/26       AC:  3    Str: 14    XL:     3   Next: 88%
Magic:  5/8        EV: 12    Int: 17    God:
Gold:   105        SH:  0    Dex: 17    Spells: 1/6 levels left

rFire    + . .     SeeInvis .   a - +0 spear
rCold    . . .     Gourm    .   (no shield)
rNeg     . . .     Faith    .   b - +0 leather armour
rPois    .         Spirit   .   (no helmet)
rElec    .         Reflect  .   (no cloak)
rCorr    .         Harm     .   (no gloves)
MR       .....                  (no boots)
Stlth    +.........             (no amulet)
HPRegen  0.08/turn              c - -3 ring of slaying (curse)
MPRegen  0.11/turn              (no ring)

@: singing (expiring)
A: fire resistance 1, frail 1, high mp 1
a: no special abilities


You were on level 2 of the Dungeon.
You were hungry.

You visited 1 branch of the dungeon, and saw 3 of its levels.

You collected 105 gold pieces.

Inventory:

Hand Weapons
 a - a +0 spear (weapon)
Armour
 b - a +0 leather armour (worn)
Jewellery
 c - a cursed -3 ring of slaying (left hand)
Scrolls
 g - 3 scrolls of identify
 h - a scroll of amnesia {unknown}
 j - a scroll of enchant weapon {unknown}
 l - a scroll of remove curse {unknown}
Potions
 e - a potion of ambrosia {unknown}
 f - a potion of invisibility {unknown}
 i - a potion of curing {unknown}
 m - a potion of degeneration {unknown}
Comestibles
 d - 5 rations
 k - 3 chunks of flesh


   Skills:
 + Level 2.0 Fighting
 + Level 2.5 Polearms
 + Level 1.5 Armour
 + Level 2.0 Dodging
 + Level 0.1 Stealth
 + Level 2.2 Spellcasting
 + Level 3.1 Charms


You had one spell level left.
You knew the following spells:

 Your Spells              Type           Power        Failure   Level  Hunger
a - Infusion              Chrm           ##..         6%          1    #......
b - Shroud of Golubria    Chrm/Tloc      #.........   19%         2    ###....
c - Song of Slaying       Chrm           ##......     10%         2    ###....


Dungeon Overview and Level Annotations

Branches:
Dungeon (3/15)


Innate Abilities, Weirdness & Mutations

You have an increased reservoir of magic. (+10% MP)
Your flesh is heat resistant. (rF+)
You are frail. (-10% HP)


Message History

You kill the orc!
You hit the orc.
The orc is moderately wounded.
The orc hits you with a dagger.
You barely miss the orc.
The orc is moderately wounded.
The orc hits you with a dagger.
* * * LOW HITPOINT WARNING * * *
Your leather armour prevents you from hitting the orc.
The orc is moderately wounded.
The orc hits you but does no damage.
You hit the orc but do no damage.
The orc is moderately wounded.
Your song is almost over.
The orc hits you with a dagger.
* * * LOW HITPOINT WARNING * * *
You hit the orc but do no damage.
The orc is moderately wounded.
The orc hits you with a dagger.
You die...

# # ### ..#
#.#########################
#..............o@).......(#
.............>###########.#
#####........## #.# #
##PPP≈..#.# #.# #
#.P≈≈≈≈.#.# #.# #
#≈≈♣≈P≈≈≈P############.# #
#.P♣♣♣♣♣≈P..............#
##(P≈ ♣♣≈P###############
##P≈P♣ ♣≈≈.#####


You could see an orc.

Vanquished Creatures
  An adder (D:2)
  A worm (D:2)
  4 dart slugs
  A leopard gecko (D:2)
  2 orcs (D:2)
  2 giant cockroaches
  6 goblins
  10 hobgoblins
  6 bats
  4 frilled lizards
  8 kobolds
  7 rats
52 creatures vanquished.

Notes
Turn   | Place    | Note
-------+----------+-------------------------------------------
     0 | D:1      | Ikesh the Demigod Skald began the quest for the Orb.
     0 | D:1      | Reached XP level 1. HP: 17/17 MP: 5/5
    97 | D:1      | Reached skill level 1 in Armour
   266 | D:1      | Reached XP level 2. HP: 21/24 MP: 4/7
   270 | D:1      | Learned a level 2 spell: Shroud of Golubria
   430 | D:1      | Reached skill level 3 in Charms
   440 | D:1      | Found a shattered altar of Ashenzari.
   556 | D:1      | Gained mutation: You are frail. (-10% HP) [potion of mutation]
   556 | D:1      | Gained mutation: Your flesh is heat resistant. (rF+) [potion of mutation]
   926 | D:1      | Reached XP level 3. HP: 24/26 MP: 4/8
  1290 | D:2      | Learned a level 2 spell: Song of Slaying
  2147 | D:2      | Slain by an orc

Vault maps used:
D:1:      shiori_arrival_elements, st_stairs_10, evilmike_ruin_ashenzari
D:2:      first_ration, serial_bayou_pond_c
D:3:      minitemple, corexii_shack

Skill      XL: |  1  2 |
---------------+-------+-----
Armour         | 1 |  1.5
Polearms       | 2 |  2.5
Charms         | 3 |  3.1
Fighting       | 2 |  2.0
Spellcasting   | 2 |  2.2
Dodging        | 2 |  2.0
Stealth        | |  0.1

Action                   || total
-------------------------++-------
Melee: Spear             ||   272
 Cast: Infusion          ||    12
       Shroud of Golubri ||    20
       Song of Slaying   ||     7
  Use: Scroll            ||     1
       Potion            ||     1
 Stab: Sleeping          ||     2
  Eat: Chunk             ||     6
Armor: Leather armour    ||    61
Dodge: Dodged            ||   166

Table legend:
 A = Spawn XP
 B = Non-spawn XP
 C = Spawn XP percentage of total XP
 D = Spawn monster count
 E = Non-spawn monster count
 F = Spawn count percentage of total count
 G = Total turns spent on level
                    A         B        C        D         E        F      G
               +---------+---------+-------+---------+---------+-------+---------
         Total |       0 |     108 |   0.0 |       0 |      52 |   0.0 |  2147
               +---------+---------+-------+---------+---------+-------+---------
           D:1 |       0 |      50 |   0.0 |       0 |      30 |   0.0 |  1014
           D:2 |       0 |      58 |   0.0 |       0 |      22 |   0.0 |  1120
               +---------+---------+-------+---------+---------+-------+---------
